 Dungeon Crawl Stone Soup version 0.17.2 (webtiles) character file.

1943 Goblin1989 the Grappler (level 8, -2/61 HPs)
             Began as a Demonspawn Transmuter on July 5, 2016.
             Was a Believer of Ru.
             Slain by a wyvern (14 damage)
             ... on level 8 of the Dungeon.
             The game lasted 00:31:08 (13868 turns).

Goblin1989 the Grappler (Demonspawn Transmuter)    Turns: 13868, Time: 00:31:08

Health: -2/61      AC:  9    Str: 14    XL:     8   Next: 98%
Magic:  11/11      EV:  9    Int: 14    God:    Ru [**....]
Gold:   515        SH:  3    Dex: 13    Spells: 2 memorised, 8 levels left

rFire  + . .     SeeInvis .       - Unarmed
rCold  . . .     Clarity  .     F - +1 scale mail {rF+}
rNeg   . . .     SustAt   +     A - +0 buckler
rPois  .         Gourm    .     (helmet unavailable)
rElec  .         Spirit   .     (no cloak)
rCorr  .         Warding  .     (no gloves)
rMut   .         Stasis   .     n - +0 pair of boots
MR     .....                    (no amulet)
Stlth  ..........               w - ring of sustain attributes
                                k - ring of wizardry {Wiz+, !d}

@: drained, not resistant to hostile enchantments, extremely unstealthy
A: claws 1, horns 3, demonic guardian 1, screaming 1, inexperienced 1
a: Renounce Religion


You were on level 8 of the Dungeon.
You worshipped Ru.
Ru was pleased with you.
You were hungry.

You visited 1 branch of the dungeon, and saw 9 of its levels.

You collected 515 gold pieces.

Inventory:

Missiles
 a - 54 arrows
 z - 17 arrows of flame
Armour
 n - a +0 pair of boots (worn)
 A - a +0 buckler (worn)
 F - a +1 scale mail of fire resistance (worn)
Jewellery
 k - a ring of wizardry (left claw) {Wiz+, !d}
 w - a ring of sustain attributes (right claw)
Wands
 B - a wand of paralysis (11)
 E - a wand of teleportation (4)
Scrolls
 c - 5 scrolls of amnesia {unknown}
 g - 2 scrolls of fog {unknown}
 i - 2 scrolls of random uselessness {unknown}
 j - 9 scrolls of remove curse
 m - 9 scrolls of teleportation
 o - 2 scrolls of identify
 p - 2 scrolls of enchant armour {unknown}
 r - a scroll of fear {unknown}
 s - a scroll of recharging {unknown}
 t - a scroll of enchant weapon {unknown}
 y - 2 scrolls of magic mapping {unknown}
 H - 3 scrolls of blinking {!r}
Potions
 e - 3 potions of ambrosia {!q}
 l - a potion of cure mutation {!q}
 q - 2 potions of agility
 u - 4 potions of curing
 v - a potion of flight
 x - a potion of might
 D - a potion of brilliance
 G - a potion of poison {!q}
 J - a potion of mutation {unknown}
Comestibles
 d - 5 bread rations
 f - 11 slices of pizza
 h - 4 meat rations
 C - 4 beef jerkies


   Skills:
 * Level 4.4(3.8) Fighting
 - Level 4.1(3.5) Armour
 - Level 3.1(2.5) Dodging
 - Level 1.0(0.4) Shields
 + Level 10.6(9.9) Unarmed Combat
 - Level 2.0(1.4) Spellcasting
 - Level 1.7(1.2) Transmutations


You had 8 spell levels left.
You knew the following spells:

 Your Spells              Type           Power        Failure   Level  Hunger
a - Beastly Appendage     Trmt           #.....       56%         1    ##.....
b - Sticks to Snakes      Trmt           #.........   75%         2    ###....


Dungeon Overview and Level Annotations

Branches:
Dungeon (9/15)
 Temple: D:4-7         Lair: D:8-11         Orc: D:9-12

Altars:
Cheibriados
Makhleb
Ru
Xom

Annotations:
D:8 Goblin1989's ghost, novice DsTm


Innate Abilities, Weirdness & Mutations

You have sharp fingernails.
You have a pair of large horns on your head.
A weak demonic guardian rushes to your aid.
You occasionally shout uncontrollably at your foes.
You are somewhat inexperienced (-2 XL).


Message History

You feel much better.
You redirect the wight's attack!
The wight hits itself with an enchanted trident.
You block the wyvern's attack.
You regained 26 hp, and now have 38/61 hp.
Your shield and scale mail prevent you from hitting the wyvern.
Your headbutt misses the wyvern. The wyvern bites you!
The orc hits you but does no damage. The wight closely misses you.
The wyvern bites you.
You take 17 damage, and have 21/61 hp.
MASSIVE DAMAGE!!
You scratch the wyvern. The orc hits you but does no damage.
The wyvern bites you.
The wight hits you with an enchanted trident!
* * * LOW HITPOINT WARNING * * *
You feel drained.
* * * LOW HITPOINT WARNING * * *
You focus your will and illuminate the wight in retribution!
You take 9 damage, and have 12/61 hp.
You claw the wyvern! The wyvern bites you!
You die...

#.....# #.....# ####
#.....# #... #.....#
#).. #.....# #...
####'## #... #.#
#...
#l#############...
#@o..........รท'...
###z#############..>
#..O....#######.....
#....).......##.###.
#............##.###.
#............#......
#..............#####
#.......##.......#
#.......+.#....#.#


You could see a wyvern, an ogre, a wight and an orc.

Vanquished Creatures
  A hog (D:7)
  A human (D:7)
  A yak (D:7)
  A hippogriff (D:7)
  Edmund (D:6)
  2 ogres
  An orc warrior (D:7)
  2 sky beasts
  An ice beast (D:7)
  A necrophage (D:8)
  A giant frog (D:8)
  2 jellies (D:7)
  4 wights (D:8)
  5 hounds
  A crimson imp (D:7)
  4 orc priests
  5 orc wizards
  A giant frog skeleton (D:4)
  A gnoll shaman (D:6)
  8 worker ants
  4 iguanas
  A killer bee zombie (D:5)
  A sheep (D:7)
  2 hound skeletons (D:5)
  A worker ant zombie (D:6)
  13 adders
  Natasha (twice) (D:3)
  2 gnolls
  2 shadow imps (D:7)
  2 adder skeletons
  An adder zombie (D:7)
  4 worms
  6 giant geckos
  28 orcs
  A ball python (D:2)
  10 bats
  7 giant cockroaches
  A hobgoblin (D:3)
  7 jackals
  3 quokkas
  3 giant newts
  12 goblins
  A jackal zombie (D:5)
  9 kobolds
  2 quokka skeletons (D:7)
  8 rats
  A plant (D:3)
178 creatures vanquished.

Vanquished Creatures (collateral kills)
  Menkaure (D:6)
  2 ogres
  A centaur (D:7)
  2 giant frogs (D:7)
  A jelly (D:7)
  2 orc priests
  Natasha (D:3)
  A sheep (D:7)
  3 gnolls (D:6)
  An adder (D:2)
  A giant gecko (D:2)
  3 orcs
19 creatures vanquished.

Grand Total: 197 creatures vanquished

Notes
Turn   | Place    | Note
--------------------------------------------------------------
     0 | D:1      | Goblin1989 the Demonspawn Transmuter began the quest for the Orb.
     0 | D:1      | Reached XP level 1. HP: 15/15 MP: 3/3
   143 | D:1      | Reached skill level 3 in Unarmed Combat
   361 | D:1      | Gained mutation: A weak demonic guardian rushes to your aid. [demonic ancestry]
   361 | D:1      | Reached XP level 2. HP: 11/21 MP: 3/5
   940 | D:1      | Learned a level 2 spell: Sticks to Snakes
  1599 | D:2      | Gained mutation: You have a pair of small horns on your head. [demonic ancestry]
  1599 | D:2      | Reached XP level 3. HP: 21/26 MP: 6/6
  1708 | D:2      | Reached skill level 4 in Unarmed Combat
  2215 | D:2      | Found a burning altar of Makhleb.
  2350 | D:2      | Gained mutation: You have a pair of horns on your head. [demonic ancestry]
  2350 | D:2      | Reached XP level 4. HP: 28/32 MP: 7/7
  3322 | D:3      | Noticed Natasha
  3324 | D:3      | Reached skill level 5 in Unarmed Combat
  3332 | D:3      | Killed Natasha
  3736 | D:3      | Reached XP level 5. HP: 32/37 MP: 8/8
  3861 | D:3      | Noticed Natasha
  3864 | D:3      | Killed Natasha
  4224 | D:3      | Found a sacrificial altar of Ru.
  4445 | D:3      | Became a worshipper of Ru the Awakened
  5465 | D:3      | Noticed Natasha
  5480 | D:3      | Killed Natasha
  6235 | D:4      | Reached skill level 6 in Unarmed Combat
  6235 | D:4      | Gained mutation: You have a pair of large horns on your head. [demonic ancestry]
  6235 | D:4      | Reached XP level 6. HP: 37/43 MP: 9/9
  6963 | D:4      | Found a snail-covered altar of Cheibriados.
  7508 | D:4      | Gained mutation: You occasionally shout uncontrollably at your foes. [Ru sacrifice]
  7874 | D:5      | Entered Level 5 of the Dungeon
  8214 | D:5      | Reached skill level 1 in Shields
  8951 | D:6      | Gained mutation: You have sharp fingernails. [demonic ancestry]
  8951 | D:6      | Reached XP level 7. HP: 48/48 MP: 1/10
  9058 | D:6      | Reached skill level 7 in Unarmed Combat
  9563 | D:6      | Noticed Menkaure
  9570 | D:6      | Killed Menkaure
 10086 | D:6      | Noticed Edmund
 10118 | D:6      | Killed Edmund
 10118 | D:6      | Reached skill level 8 in Unarmed Combat
 10368 | D:7      | Reached XP level 8. HP: 51/58 MP: 11/11
 10491 | D:7      | Reached skill level 1 in Armour
 10765 | D:7      | HP: 1/58 [orc warrior/mace (2)]
 10769 | D:7      | Reached skill level 9 in Unarmed Combat
 10995 | D:7      | Gained mutation: You are somewhat inexperienced (-2 XL). [Ru sacrifice]
 10995 | D:7      | Reached XP level 7. HP: 52/52 MP: 10/10
 10995 | D:7      | Reached XP level 6. HP: 47/47 MP: 9/9
 10995 | D:7      | Reached * piety under Ru
 10995 | D:7      | Reached ** piety under Ru
 11292 | D:7      | Reached XP level 7. HP: 52/52 MP: 10/10
 11791 | D:7      | Found a shimmering altar of Xom.
 12104 | D:7      | Noticed a human
 12104 | D:7      | Noticed a yak
 12104 | D:7      | Noticed a hog
 12122 | D:7      | Killed a human
 12122 | D:7      | Reached XP level 8. HP: 53/58 MP: 11/11
 12139 | D:7      | Reached skill level 10 in Unarmed Combat
 12143 | D:7      | Killed a yak
 12148 | D:7      | Killed a hog
 12668 | D:8      | Noticed Goblin1989's ghost (novice DsTm)
 13868 | D:8      | Slain by a wyvern

Action                   |  1- 3 |  4- 6 |  7- 9 || total
-------------------------+-------+-------+-------++-------
Melee: Unarmed           |   137 |   350 |   278 ||   765
 Cast: Beastly Appendage |    11 |       |       ||    11
       Sticks to Snakes  |     3 |       |     1 ||     4
Invok: Sacrifice Purity  |       |     1 |       ||     1
       Sacrifice Experie |       |     1 |       ||     1
  Use: Potion            |     5 |     1 |     3 ||     9
       Scroll            |       |       |     6 ||     6
 Stab: Sleeping          |     1 |       |       ||     1
       Distracted        |       |       |     1 ||     1
  Eat: Chunk             |     5 |    17 |    16 ||    38
       Pizza             |       |     1 |       ||     1
       Beef jerky        |       |     1 |       ||     1
